AoeStats
← Brunnski_de

MegaRandom

510811414Analyzed
2v2 RM · 1d ago on Oct 2, 2026· 35m 2s· 4 players
Game mode
Random Map
Map size
Medium (4 player)
Population
200
Speed
Normal
Resources
Standard
Victory
Conquest
Starting age
Dark Age
Ending age
Imperial Age
RankedLock teamsTeams togetherTeam positionsShared explorationLock speedFull tech treeHidden civsTurbo modeCheats
Victory
Defeat
🇩🇪 Tupi · Germany
1218
+20
🇨🇱 Varangians · Chile
1216
+20
🇩🇪 Vietnamese · Germany
1321
-20
🇩🇪 Malians · Germany
1309
-20
La Cobra
9:06 Loom
11:19 Feudal Age
18:17 Castle Age
16:37 Double-Bit Axe
16:55 Horse Collar
18:26 Fletching
20:54 Gambesons
22:14 Forging
22:54 Wheelbarrow
23:57 Squires
25:11 Scale Mail Armor
25:33 Gold Mining
26:20 Iron Casting
26:05 Heavy Plow
26:13 Arson
27:49 Bow Saw
29:53 Chain Mail Armor
29:49 Town Watch
35:37 Imperial Age
Phil
11:08 Feudal Age
12:43 Double-Bit Axe
21:37 Castle Age
22:46 Medium Warships
23:39 Careening
23:33 Fletching
25:37 Wheelbarrow
24:47 Loom
24:48 Town Watch
25:00 Bodkin Arrow
25:06 Padded Archer Armor
25:23 Clinker Construction
28:08 Stone Mining
28:30 Bow Saw
31:57 Padded Archer Armor
33:32 Horse Collar
35:22 Leather Archer Armor
p0cketPaule
5:00 Loom
11:45 Feudal Age
12:42 Double-Bit Axe
14:16 Horse Collar
16:40 Wheelbarrow
16:04 Gold Mining
17:46 Scale Mail Armor
17:52 Scale Barding Armor
19:53 Fletching
20:12 Man-at-Arms
24:34 Castle Age
24:07 Town Watch
25:54 Medium Warships
26:56 Bodkin Arrow
30:19 Long Swordsman
Brunnski_de
12:26 Feudal Age
15:03 Loom
18:08 Castle Age
16:05 Double-Bit Axe
17:59 Fishing Lines
19:36 Medium Warships
25:21 Medium Warships
25:41 Fletching
26:13 Bow Saw
25:52 Horse Collar
27:50 Bodkin Arrow
32:01 Padded Archer Armor
32:31 Crossbowman
33:18 Thumb Ring
33:38 Ballistics
33:17 Gold Mining
35:20 Leather Archer Armor
35:23 Masonry
Connection lost

Rejoining the realm…

Still unreachable

The connection could not be restored.

Session expired

The server has moved on; the page needs a fresh start.